 Dungeon Crawl Stone Soup version 0.31-a0-239-g0a1456f148 (webtiles) character file.

Game seed: 16517195844619150098

53 qw the Shooter (level 3, 0/29 HPs)
             Began as a Minotaur Hexslinger on July 11, 2023.
             Slain by Sigmund
             ... wielding a +0 scythe
              (5 damage)
             ... on level 2 of the Dungeon.
             The game lasted 00:00:33 (915 turns).

qw the Shooter (Minotaur Hexslinger)                 Turns: 915, Time: 00:00:33

Health: 0/29       AC:  3    Str: 12    XL:     3   Next: 62%
Magic:  3/3        EV: 12    Int: 10    God:
Gold:   68         SH:  0    Dex: 14    Spells: 3/4 levels left

rFire   + . .        Y - +1 sling
rCold   . . .        (no shield)
rNeg    . . .        g - +0 leather armour {rF+}
rPois   .            (helmet restricted)
rElec   .            (no cloak)
rCorr   .            (no gloves)
SInv    .            (no boots)
Will    .....        (no amulet)
Stlth   +            (no ring)
HPRegen 0.24/turn    (no ring)
MPRegen 0.08/turn

%: no passive effects
@: no status effects
A: horns 2, retaliatory headbutt
a: no special abilities


You were on level 2 of the Dungeon.
You visited 1 branch of the dungeon, and saw 2 of its levels.

You collected 68 gold pieces.


Innate Abilities, Weirdness & Mutations

You have a pair of horns on your head.
You reflexively headbutt those who attack you in melee.


   Skills:
 - Level 2.0 Fighting
 + Level 4.2 Ranged Weapons
 - Level 2.1 Dodging
 - Level 1.0 Spellcasting
 - Level 2.0 Hexes


You had 3 spell levels left.
You knew the following spells:

 Your Spells              Type           Power      Damage    Failure   Level
a - Slow                  Hex            16%        N/A       19%         1

Your spell library contained the following spells:

 Spells                   Type           Power      Damage    Failure   Level
 Inner Flame              Hex/Fire       2%         N/A       65%         3
 Portal Projectile        Hex/Tloc       4%         N/A       65%         3
 Cause Fear               Hex            2%         N/A       88%         4

Inventory:

Hand Weapons
 Y - a +1 sling (weapon)
Armour
 a - a +0 ring mail
 g - a +0 leather armour of fire resistance (worn)
Potions
 d - a potion of enlightenment
 e - a potion of cancellation {unknown}

Dungeon Overview and Level Annotations

Branches:
Dungeon (2/15)

Altars:

Annotations:
D:2 Sigmund


Message History

The adder barely misses you. The adder bites you.
You shoot a sling bullet.
The sling bullet closely misses the adder.
The adder closely misses you. You furiously retaliate!
You headbutt the adder.
You kill the adder!
You start resting.
HP restored.
Sigmund the Dreaded comes into view.
He is wielding a +0 scythe.
Sigmund shouts!
You shoot a sling bullet. The sling bullet hits Sigmund.
Sigmund is lightly wounded.
Sigmund gestures at you while chanting. The magic dart hits you!
896 ||| FLEEEEING.
897 ||| STILL FLEEEEING.
898 ||| STILL FLEEEEING.
899 ||| STILL FLEEEEING.
900 ||| STILL FLEEEEING.
901 ||| STILL FLEEEEING.
902 ||| STILL FLEEEEING.
903 ||| STILL FLEEEEING.
904 ||| STILL FLEEEEING.
905 ||| STILL FLEEEEING.
You start resting.
Sigmund is nearby!
You shoot a sling bullet. The sling bullet hits Sigmund.
Sigmund is lightly wounded.
Sigmund gestures wildly while chanting.
Sigmund flickers and vanishes!
Deactivating autopickup; reactivate with Ctrl-A.
You shoot a sling bullet. You shoot a sling bullet. Something hits you!
You shoot a sling bullet. Something hits you!
You shoot a sling bullet. Something hits you.
You shoot a sling bullet. Something hits you.
You die...

#.##.# #..#.#.#.# ### ## #.##.#
# #..#.#.#.# #.# . ..##..#.# #.
#..#...#.###.# ...
....#.#.##.###............#
.....##....#......<....###.###.#
...........###.............#...#
.....###.#...#####.#########.###
.@. #...#.# #...# #.# . ..
###.#.###@### #.#
....###.#.##..# #.#
............>## #.#
....###.###### #.# .. #.# #.#
#.# #.#### #.# #..... #.# ######
#.#


There were no monsters in sight!

Vanquished Creatures
  An adder (D:2)
  A dart slug (D:1)
  2 ball pythons
  2 endoplasms (D:1)
  9 goblins (D:1)
  A hobgoblin (D:1)
  A quokka (D:1)
  8 bats
  11 frilled lizards (D:1)
  2 kobolds (D:1)
  5 rats (D:1)
43 creatures vanquished.

Notes
Turn   | Place    | Note
-------+----------+-------------------------------------------
     0 | D:1      | qw the Minotaur Hexslinger began the quest for the Orb.
     0 | D:1      | Reached XP level 1. HP: 16/16 MP: 1/1
     0 | D:1      | 0 ||| qw: Version: 0.3-a-52-g30416fa
     0 | D:1      | 0 ||| qw: Game counter: 5921
     0 | D:1      | 0 ||| qw: Melee chars always use a shield: true
     0 | D:1      | 0 ||| qw: God list: Okawaru
     0 | D:1      | 0 ||| qw: Allow faded altars: false
     0 | D:1      | 0 ||| qw: Do Orc after clearing Dungeon:15 true
     0 | D:1      | 0 ||| qw: Do second Lair branch before Depths: true
     0 | D:1      | 0 ||| qw: Lair rune preference: random
     0 | D:1      | 0 ||| qw: Goals: Normal
     0 | D:1      | 0 ||| PLANNING D:1-11
   121 | D:1      | Reached skill level 3 in Ranged Weapons
   121 | D:1      | Reached XP level 2. HP: 23/23 MP: 2/2
   310 | D:1      | 310 ||| FLEEEEING.
   316 | D:1      | 316 ||| FLEEEEING.
   318 | D:1      | 318 ||| FLEEEEING.
   319 | D:1      | 319 ||| FLEEEEING.
   321 | D:1      | 321 ||| FLEEEEING.
   322 | D:1      | 322 ||| FLEEEEING.
   323 | D:1      | 323 ||| FLEEEEING.
   324 | D:1      | 324 ||| FLEEEEING.
   325 | D:1      | 325 ||| FLEEEEING.
   326 | D:1      | 326 ||| FLEEEEING.
   327 | D:1      | 327 ||| FLEEEEING.
   328 | D:1      | 328 ||| FLEEEEING.
   329 | D:1      | 329 ||| FLEEEEING.
   330 | D:1      | 330 ||| FLEEEEING.
   331 | D:1      | 331 ||| FLEEEEING.
   332 | D:1      | 332 ||| FLEEEEING.
   333 | D:1      | 333 ||| FLEEEEING.
   334 | D:1      | 334 ||| FLEEEEING.
   340 | D:1      | 340 ||| FLEEEEING.
   413 | D:1      | Reached XP level 3. HP: 29/29 MP: 3/3
   771 | D:1      | 771 ||| UPGRADING to +0 leather armour.
   781 | D:1      | 781 ||| DROPPING +0 robe.
   782 | D:1      | 782 ||| UPGRADING to +0 leather armour of fire resistance.
   792 | D:1      | 792 ||| DROPPING +0 leather armour.
   793 | D:1      | 793 ||| READING scroll labelled NAFIVV ZOXI.
   794 | D:1      | 794 ||| DRINKING 2 fizzy white potions.
   795 | D:1      | 795 ||| DROPPING scroll of poison.
   853 | D:2      | Reached skill level 4 in Ranged Weapons
   894 | D:2      | Noticed Sigmund
   896 | D:2      | 896 ||| FLEEEEING.
   914 | D:2      | HP: 5/29 [something (3)]
   915 | D:2      | Slain by Sigmund

Levels and vault maps discovered:
D:1:      psy_arrival_heroes, layout_basic, chequers_serial_rivers_large_b,
          minmay_lizard_king
D:2:      layout_basic, dreamdust_ecumenical_altar_grove, serial_shops,
          nicolae_shop_back_alley_shop, uniq_sigmund, uniq_crazy_yiuf_cottage

Skill      XL: |  1  2  3 |
---------------+----------+-----
Ranged Weapons | 3 4 |  4.2
Fighting       | 2 |  2.0
Dodging        | |  2.1
Spellcasting   | |  1.0
Hexes          | |  2.0

Action                     || total
---------------------------++-------
   Fire: Sling             ||   122
    Use: Scroll            ||     1
         Potion            ||     1
 Armour: Robe              ||    13
  Dodge: Dodged            ||    44

Table legend:
 A = Non-vault XP
 B = Vault XP
 C = Vault XP percentage of total XP
 D = Non-vault monster count
 E = Vault monster count
 F = Vault count percentage of total count
                 A         B        C        D         E       F
            +---------+---------+-------+---------+---------+-------
      Total |      66 |      10 |  13.2 |      33 |      10 |  23.3
            +---------+---------+-------+---------+---------+-------
        D:1 |      49 |      10 |  16.9 |      30 |      10 |  25.0
        D:2 |      17 |       0 |   0.0 |       3 |       0 |   0.0
            +---------+---------+-------+---------+---------+-------
